 BcadrenCrawl: Boulder Brew version 0.06-688-g08e91b2d95 (webtiles) character file.

Game seed: 15839644152334758256

60 Leeroy the Sneak (level 3, 0/18 HPs) Felid Vine Stalker. Began on Jan 29, 2023. Succumbed to an adder's poison ... on level 2 of the Dungeon. The game lasted 00:02:09 (782 turns).

Leeroy the Sneak (Felid Vine Stalker)                Turns: 782, Time: 00:02:09

Health: 0/18       AC:  1    Str:  9    XL:     3 ^: 11
Magic:  0/7        EV: 20    Int: 12    God:
Gold:   75         SH:  0    Dex: 16    Spells: 3/4 levels left
                                        Lives:  0   Deaths: 0

rFire    . . .     Slash    x   (weapon unavailable)
rCold    . . .     Pierce   .   (weapon unavailable)
rNeg     . . .     Bludgeon .   (no amulet)
rCorr    . . .     Vision   +   (no ring)
rPois    .         Gourm    .   (no ring)
rElec    .         Faith    .
MR       .....     Spirit   +
HPRegen  0.16/turn Reflect  .
MPRegen  0.17/turn Harm     .
Stlth    +++.......

@: lethally poisoned (0 -> -9), very slow
A: very small, no armour, no weapons, unfitting armour, claws 1, fangs, see
invisible, carnivore, speed 1, slow metabolism 1, magic shield, antimagic bite,
no potion heal, rot immunity, sharp and stealthy paws, soft flesh, AC +1
a: no special abilities


You were on level 2 of the Dungeon.
You were completely stuffed.

You visited 1 branch of the dungeon, and saw 2 of its levels.

You collected 75 gold pieces.

Inventory:

Jewellery
 g - an uncursed ring of poison resistance
Scrolls
 a - a scroll of enchantment
 c - a scroll of bless item
 d - 2 scrolls of fog
Potions
 e - a potion of ambrosia
Comestibles
 b - 4 rations
 f - 3 chunks of flesh


   Skills:
 - Level 4.6 Dodging
 + Level 7.4 Stealth
 - Level 0.4 Unarmed Combat
 - Level 1.1 Spellcasting
 - Level 3.1 Hexes


You had 3 spell levels left.
You knew the following spells:

 Your Spells              Type           Power        Failure   Level  Hunger
a - Magic Candle          Hex/Fire       4 (90)       16%         1    26-46

Your spell library contained the following spells:

 Spells                   Type           Power        Failure   Level  Hunger
 Ensorcelled Hibernation Hex/Ice 4 (50) 24% 2 66-106 Confuse Hex 8 (100) 26% 3 106-166 Tukima's Dance Hex 8 (100) 26% 3 106-166 Blinding Spray Hex/Pois 4 (50) 43% 3 106-166 Fulminant Prism Hex            8 (200)      63%         4    186-286


Dungeon Overview and Level Annotations

Branches:
Dungeon (2/8)

Altars:

Annotations:
D:2 Eustachio


Innate Abilities, Weirdness & Mutations

You cannot wear armour.
You are incapable of wielding weapons or throwing rocks.
Your fur coat is resilient. (AC +1)
You have sharp claws.
You have razor-sharp fangs.
You have supernaturally acute eyesight. (+Vis)
You are carnivorous and can eat meat at any time.
You cover ground quickly.
You have a slow metabolism.
When hurt, damage is shared between your health and your magic reserves.
Your bite disrupts and absorbs the magic of your enemies.
Potions cannot restore your health.
You are immune to rotting.
Your feline paws and retractable claws are effective at attacking unaware monsters and moving quietly.
Your soft flesh is weak to deep cuts.
Heavy manmade armour will nullify this weakness. (rSlashing-)


Message History

You feel sick. (1)
The adder closely misses you.
You scratch the adder but do no damage. x2
You bite the adder, but do no damage.
The adder is lightly wounded. (10/11) HP
* * * LOW HITPOINT WARNING * * *
You feel sick. (1)
The adder barely misses you.
You scratch the adder but do no damage. x2
The adder is lightly wounded. (10/11) HP
* * * LOW HITPOINT WARNING * * *
You feel sick. (1)
The adder barely misses you.
Unknown command.
* * * LOW HITPOINT WARNING * * *
You feel sick. (1)
The adder bites you (5).
You see here a ball python corpse.
Unknown command.
You die...

#≈.....≈# ##......#
#.≈...≈# ##....##
##≈.≈.# #### ##≈.≈#
≈.≈ ##≈≈##
≈#####.####...####
≈≈≈..≈≈r†@≈...≈≈≈≈..
≈≈≈.≈≈†Sr≈≈.≈≈≈≈≈≈.≈
≈≈≈≈≈≈≈P≈≈≈.≈≈≈≈≈≈.≈
≈≈≈≈≈≈≈≈;≈≈..≈≈≈≈..≈
≈≈≈≈≈≈;≈≈≈≈≈.≈≈≈P.≈≈
≈≈≈≈≈≈≈≈≈≈≈≈≈≈≈≈≈≈≈≈
≈≈.≈≈≈P≈≈≈≈≈.≈≈≈≈@≈≈
≈.....P≈PPP...≈≈..
.##############


You could see a submerged adder, 2 submerged sewer rats and 2 neutral submerged
slimeheads (passive).

Vanquished Creatures
  2 giant cockroaches
  2 cinder newts (D:1)
  An ooze (D:2)
  2 ball pythons (D:2)
  4 bats
  3 kobolds (D:1)
  7 rats (D:1)
21 creatures vanquished.

Vanquished Creatures (others)
  A bat skeleton (D:2)
  2 giant blowflies (D:2)
  11 withered plants (D:2)
14 creatures vanquished.

Grand Total: 35 creatures vanquished

Notes
Turn   | Place    | Note
-------+----------+-------------------------------------------
     0 | D:1      | Leeroy the Felid Vine Stalker began the quest for the Orb.
     0 | D:1      | Reached XP level 1. HP: 10/10 MP: 5/5
    82 | D:1      | Reached XP level 2. HP: 14/14 MP: 6/6
   214 | D:1      | Reached skill level 6 in Stealth
   214 | D:1      | Reached XP level 3. HP: 18/18 MP: 7/7
   670 | D:2      | Reached skill level 7 in Stealth
   760 | D:2      | Noticed Eustachio
   782 | D:2      | Succumbed to an adder's poison

Illustrated notes

Levels and vault maps discovered:
D:1:      dpeg_arrival_rhombi, layout_cave_pools, minmay_misc_feat_encased,
          gup_sewer_entry_glass
D:2:      layout_sewer, nicolae_ru_the_path_less_chosen, sewer_minmay_ubend,
          uniq_eustachio

Skill      XL: |  1  2  3 |
---------------+----------+-----
Stealth        | 6 7 |  7.4
Dodging        | |  4.6
Unarmed Combat | |  0.4
Spellcasting   | |  1.1
Hexes          | |  3.1

Action                   || total
-------------------------++-------
Melee: Unarmed           ||    82
       Tailslap          ||    11
 Stab: Sleeping          ||    13
  Eat: Chunk             ||     7
Dodge: Dodged            ||    18
